details: 'elf vs ud'

« prev index next »

General information

Mini Map

Players

team 1
Random» NightElfbor- (green | 115 APM | 1973 actions | 17:08)
Hero icon 4 Demon Hunter
Ability icon 2 Mana Burn
Ability icon 2 Evasion
Hero icon 3 Naga Sea Witch
Ability icon 2 Frost Arrows
Ability icon 1 Forked Lightning

» actions
Assign group hotkey44
Basic commands14
Build / train66
ESC pressed1
Enter build submenu14
Enter hero's abilities submenu7
Give item / drop item10
Right click689
Select / deselect684
Select group hotkey353
Use ability89
1973 total
» units
Wisp21
Archer3
Dryad11
Druid of the Claw5
40 total
» upgrades
Ultravision1
Strength of the Wild2
Abolish Magic1
Reinforced Hides1
Druid of the Claw Training2
7 total
» buildings
Altar of Elders1
Moon Well6
Ancient of War1
Tree of Ages1
Ancient of Wonders1
Hunter's Hall1
Ancient of Lore2
Tree of Life1
Tree of Eternity1
15 total
» build order
00:05 Altar of Elders
00:18 Moon Well
00:27 Ancient of War
01:32 Moon Well
03:18 Tree of Ages
03:25 Ancient of Wonders
03:48 Hunter's Hall
04:25 Moon Well
05:40 Ancient of Lore
05:42 Ancient of Lore
07:19 Moon Well
07:22 Tree of Life
09:44 Moon Well
12:52 Tree of Eternity
15:01 Moon Well
» items
Boots of Speed1
Staff of Teleportation1
Staff of Preservation2
Scroll of Town Portal1
Potion of Healing1
Orb of Venom1
7 total
team 2
Random» UndeadTLD_Pech (pink | 86 APM | 1479 actions | 17:07)
Hero icon 4 Death Knight
Ability icon 2 Death Coil
Ability icon 2 Unholy Aura
Hero icon 3 Lich
Ability icon 2 Frost Nova
Ability icon 1 Frost Armor

» actions
Assign group hotkey36
Basic commands5
Build / train52
ESC pressed1
Enter build submenu13
Enter hero's abilities submenu8
Give item / drop item2
Remove unit from queue1
Right click782
Select / deselect312
Select group hotkey206
Use ability61
1479 total
» units
Acolyte4
Ghoul6
Crypt Fiend7
Obsidian Statue5
Abomination4
26 total
» upgrades
Web1
Burrow1
Destroyer Form1
Ghoul Frenzy1
4 total
» buildings
Crypt1
Ziggurat5
Graveyard1
Altar of Darkness1
Tomb of Relics1
Halls of the Dead1
Slaughterhouse2
Black Citadel1
Necropolis1
14 total
» build order
00:10 Crypt
00:13 Ziggurat
00:48 Graveyard
00:55 Altar of Darkness
01:24 Ziggurat
01:52 Tomb of Relics
04:03 Halls of the Dead
04:36 Ziggurat
06:34 Slaughterhouse
06:56 Slaughterhouse
09:25 Black Citadel
10:21 Ziggurat
13:49 Necropolis
14:46 Ziggurat
» items
Rod of Necromancy2
Dust of Appearance1
Boots of Speed1
Potion of Mana1
Potion of Healing2
Scroll of Town Portal2
Potion of Lesser Invulnerability1
10 total